 Dungeon Crawl Stone Soup version 0.29-a0-775-g4d7333d4e2 (webtiles) character file.

Game seed: 17371188595170710720

3027 crusatyr the Summoner (level 9, -1/63 HPs)
             Began as a Demonspawn Monk on July 1, 2022.
             Was an Elder of Sif Muna.
             Slain by an orc warrior
             ... wielding a +1 quarterstaff of holy wrath
              (20 damage)
             ... on level 7 of the Dungeon.
             The game lasted 00:23:59 (10234 turns).

crusatyr the Summoner (Demonspawn Monk)            Turns: 10234, Time: 00:24:00

Health: -1/63      AC:  5    Str: 11    XL:     9   Next: 55%
Magic:  2/8        EV: 17    Int: 15    God:    Sif Muna [****..]
Gold:   337        SH:  0    Dex: 17    Spells: 11/18 levels left

rFire   + . .      SeeInvis .   h - +2 dagger (antimagic)
rCold   + . .      Faith    .   (no shield)
rNeg    . . .      Spirit   .   b - +0 robe
rPois   .          Reflect  .   (helmet restricted)
rElec   .          Harm     .   o - scarf {rC+ rF+}
rCorr   .          Rampage  .   (no gloves)
Will    .....                   u - +0 pair of boots
Stlth   ++........              (no amulet)
HPRegen 0.20/turn               d - +4 ring of evasion
MPRegen 0.11/turn               y - ring of magical power

@: very slightly contaminated
A: horns 1, ignite blood 2, powered by death 1, sharp scales 2
a: Renounce Religion, Channel Magic, Forget Spell, Divine Exegesis


You were on level 7 of the Dungeon.
You worshipped Sif Muna.
Sif Muna was greatly pleased with you.
You visited 1 branch of the dungeon, and saw 7 of its levels.

You collected 338 gold pieces.
You spent 1 gold pieces at shops.

Inventory:

Hand Weapons
 a - a +0 short sword
 h - a +2 antimagic dagger (weapon)
 j - a +0 whip
 s - a -3 demon blade
Missiles
 p - a throwing net (quivered)
Armour
 b - a +0 robe (worn)
 f - a +0 chain mail
 o - a scarf of resistance (worn)
 u - a +0 pair of boots (worn)
 E - a +0 cloak
Jewellery
 d - a +4 ring of evasion (left hand)
 y - a ring of magical power (right hand)
Wands
 e - a wand of digging (8)
 t - a wand of quicksilver (7)
Scrolls
 i - 3 scrolls of teleportation
 l - 2 scrolls of immolation
 r - a scroll of poison
 v - a scroll of magic mapping
 w - a scroll of amnesia
 z - 2 scrolls of identify
Potions
 c - a potion of ambrosia
 g - 4 potions of curing
 k - 3 potions of heal wounds
 m - a potion of haste
 n - a potion of magic
 q - a potion of berserk rage
 x - a potion of flight {unknown}
 A - a potion of mutation {unknown}
 C - a potion of invisibility


   Skills:
 - Level 3.0 Fighting
 + Level 7.8 Short Blades
 - Level 2.6 Dodging
 - Level 1.7 Stealth
 + Level 5.2 Spellcasting
 * Level 8.3 Summonings
 + Level 3.6 Invocations


You had 11 spell levels left.
You knew the following spells:

 Your Spells              Type           Power      Damage    Failure   Level
a - Summon Small Mammal   Summ           100%       N/A       1%          1
b - Call Canine Familiar  Summ           29%        N/A       1%          3
c - Summon Guardian Gole  Hex/Summ       16%        N/A       9%          3

Your spell library contained the following spells:

 Spells                   Type           Power      Damage    Failure   Level
 Ignite Poison            Fire/Tmut/Pois 3%         N/A       43%         3
 Mephitic Cloud           Conj/Pois/Air  3%         N/A       43%         3
 Freezing Cloud           Conj/Ice/Air   1%         6-21      99%         5


Dungeon Overview and Level Annotations

Branches:
Dungeon (7/15)             Temple (0/1) D:4

Altars:
Dithmenos
Kikubaaqudgha
Qazlal
Sif Muna
Trog

Shops:
D:6 **


Innate Abilities, Weirdness & Mutations

You have a pair of small horns on your head.
Your demonic aura often causes spilled blood to erupt in flames.
You regenerate a little health from kills.
You are mostly covered in razor-sharp scales. (AC +2, Slay +2)


Message History

There is a stone staircase leading up here.
You start resting.
Magic restored.
HP restored.
Things that are here:
a +0 club; a gnoll corpse
Things that are here:
a +1 vorpal hand axe; a +0 robe; an orc corpse An orc warrior comes into view.
It is wielding a +1 quarterstaff of holy wrath.
An orc wizard comes into view. It is wielding a +0 flail.
Things that are here:
a +0 club; a gnoll corpse The orc wizard shouts!
The orc warrior shouts!
You hear a shout!
You closely miss the orc warrior.
You headbutt the orc warrior, but do no damage.
The orc warrior hits you with a +1 quarterstaff of holy wrath!
You convulse.
The orc warrior misses you.
You hit the orc warrior but do no damage.
Your headbutt misses the orc warrior.
You hit the orc warrior but do no damage.
The orc warrior hits you with a +1 quarterstaff of holy wrath!
You convulse!
You hit the orc warrior.
The orc warrior is lightly wounded.
The orc wizard gestures at you while chanting.
The magic dart hits you.
Casting: Summon Guardian Golem (dangerous; 9% risk of failure)
Confirm with . or Enter, or press ? or * to list all spells.
You miscast Call Canine Familiar.
You are very lightly contaminated with residual magic.
Nothing appears to happen.
The orc warrior hits you with a +1 quarterstaff of holy wrath!
You convulse.
Casting: Call Canine Familiar (safe; 1% risk of failure)
Confirm with . or Enter, or press ? or * to list all spells.
The orc wizard barely misses you. The orc warrior barely misses you.
The orc warrior attacks as you move away!
The orc warrior hits you with a +1 quarterstaff of holy wrath!!
You die...

.# ##.###.## ##.# #.#........ .##
#.# ##.## ##.## ##....#####
..####.#####.###.## ##)..#
#........# #....## ####...#####
..#)##.#.# #.#.## #...........
###.##.#.###.#.#######.##.#.#####
#.................##......##
####..[[.)....oo#.##.......#
#.)....##..@....).#####..#
#..########>#..##.# ..# #..#
###h###.##.# ... #..# #..##
##)..# ##
#..#####.#.###.)..#####..##
#....<...##.#.###.).)......
##.#########.## ########...
#...........# #############


You could see an orc warrior (ally target), an orc wizard and a friendly hound
(summoned).

Vanquished Creatures
  Pikel (D:6)
  Grinder (D:6)
  Prince Ribbit (D:6)
  Sigmund (D:4)
  Edmund (D:5)
  Menkaure (D:6)
  A water moccasin (D:5)
  A sky beast (D:7)
  A black bear (D:5)
  3 ice beasts
  An ogre (D:5)
  2 centaurs
  4 lemures (D:6)
  A bullfrog (D:7)
  A scorpion (D:7)
  4 electric eels (D:6)
  2 howler monkeys (D:7)
  A hound (D:5)
  2 jellies
  Crazy Yiuf (D:4)
  A bouda (D:6)
  4 iguanas
  Terence (D:3)
  2 orc wizards (D:5)
  Robin (D:3)
  15 gnolls
  4 adders
  4 worms
  3 dart slugs
  6 orcs
  2 ball pythons
  6 bats
  6 endoplasms
  A giant cockroach (D:2)
  16 goblins
  9 hobgoblins
  5 jackals
  A quokka (D:3)
  4 frilled lizards
  6 kobolds
  3 rats (D:3)
131 creatures vanquished.

Vanquished Creatures (collateral kills)
  A gnoll (D:6)
1 creature vanquished.

Vanquished Creatures (others)
  An orc wizard (D:7)
  A gnoll (D:7)
  45 plants (D:6)
47 creatures vanquished.

Grand Total: 179 creatures vanquished

Notes
Turn   | Place    | Note
-------+----------+-------------------------------------------
     0 | D:1      | crusatyr the Demonspawn Monk began the quest for the Orb.
     0 | D:1      | Reached XP level 1. HP: 18/18 MP: 1/1
   272 | D:1      | Gained mutation: You are partially covered in razor-sharp
                  | scales. (AC +1, Slay +1) [demonic ancestry]
   272 | D:1      | Reached XP level 2. HP: 16/24 MP: 2/2
   796 | D:1      | Found a faded altar of an unknown god.
   826 | D:1      | Prayed at the altar of an unknown god.
   826 | D:1      | Became a worshipper of Sif Muna the Loreminder
   826 | D:1      | Reached * piety under Sif Muna
   826 | D:1      | Reached ** piety under Sif Muna
  1627 | D:2      | Gained mutation: Your demonic aura sometimes causes spilled
                  | blood to erupt in flames. [demonic ancestry]
  1627 | D:2      | Reached XP level 3. HP: 29/29 MP: 1/3
  1765 | D:2      | Gained mutation: You are mostly covered in razor-sharp
                  | scales. (AC +2, Slay +2) [demonic ancestry]
  1765 | D:2      | Reached XP level 4. HP: 18/35 MP: 1/4
  2241 | D:2      | Reached *** piety under Sif Muna
  2489 | D:2      | Reached skill level 5 in Short Blades
  2528 | D:2      | Reached XP level 5. HP: 25/41 MP: 1/5
  2784 | D:3      | Noticed Robin
  2824 | D:3      | Killed Robin
  3209 | D:3      | Learned a level 1 spell: Summon Small Mammal
  3237 | D:3      | Noticed Terence
  3261 | D:3      | Killed Terence
  3792 | D:3      | Reached skill level 1 in Summonings
  4076 | D:4      | Noticed Sigmund
  4452 | D:4      | Found a runed translucent door.
  4453 | D:4      | Noticed Crazy Yiuf
  4630 | D:4      | Gained mutation: You regenerate a little health from kills.
                  | [demonic ancestry]
  4630 | D:4      | Reached XP level 6. HP: 47/47 MP: 2/7
  4714 | D:4      | Reached skill level 1 in Spellcasting
  4886 | D:4      | Found a staircase to the Ecumenical Temple.
  5371 | D:4      | Killed Crazy Yiuf
  5372 | D:4      | Reached skill level 2 in Summonings
  5426 | D:5      | Entered Level 5 of the Dungeon
  5510 | D:5      | Noticed a water moccasin
  6006 | D:5      | Reached skill level 3 in Summonings
  6006 | D:5      | Gained mutation: You have a pair of small horns on your
                  | head. [demonic ancestry]
  6006 | D:5      | Reached XP level 7. HP: 40/52 MP: 2/10
  6084 | D:5      | Reached **** piety under Sif Muna
  6486 | D:5      | Found a shadowy altar of Dithmenos.
  6584 | D:5      | Reached skill level 4 in Summonings
  6739 | D:5      | Found a stormy altar of Qazlal.
  6969 | D:5      | Found a bloodstained altar of Trog.
  7014 | D:6      | Noticed Prince Ribbit
  7014 | D:6      | Noticed Edmund
  7046 | D:5      | Killed Edmund
  7210 | D:4      | Killed Sigmund
  7211 | D:4      | Reached skill level 5 in Summonings
  7266 | D:6      | Gained mutation: Your demonic aura often causes spilled
                  | blood to erupt in flames. [demonic ancestry]
  7266 | D:6      | Reached XP level 8. HP: 40/58 MP: 7/12
  7798 | D:6      | Reached skill level 6 in Summonings
  7954 | D:6      | Found Gem Inod's Serpentskin Sales.
  8011 | D:6      | Noticed Grinder
  8016 | D:6      | Learned a level 3 spell: Call Canine Familiar
  8016 | D:6      | Found an ancient bone altar of Kikubaaqudgha.
  8047 | D:6      | Killed Grinder
  8625 | D:6      | Found Qiuz's Lightly-Used Armoury.
  8649 | D:6      | Bought a -3 demon blade for 1 gold piece
  8827 | D:6      | Noticed Menkaure
  8836 | D:6      | Killed Prince Ribbit
  8837 | D:6      | Reached skill level 7 in Summonings
  8946 | D:6      | Killed Menkaure
  8947 | D:6      | Reached XP level 9. HP: 52/63 MP: 4/15
  9123 | D:6      | Noticed Pikel
  9185 | D:6      | Killed Pikel
  9489 | D:7      | Reached skill level 5 in Spellcasting
  9489 | D:7      | Reached skill level 8 in Summonings
  9760 | D:7      | Learned a level 3 spell: Summon Guardian Golem
 10234 | D:7      | Slain by an orc warrior

Illustrated notes

Levels and vault maps discovered:
D:1:      dpeg_arrival_central, layout_basic,
          hellmonk_ecumenical_altar_dog_temple, st_stairs_5,
          chequers_serial_rivers_small_b
D:2:      layout_basic
D:3:      layout_loops_cross, roderic_roman_lattice, uniq_terence, uniq_robin
D:4:      layout_basic, minmay_temple_entry_overgrown, uniq_crazy_yiuf_cottage,
          uniq_sigmund
D:5:      layout_loops_ring, lightli_temple_of_fire,
          mainiacjoe_overflow_surrounded_room, lemuel_crystal_altar
D:6:      layout_loops_corners, mainiacjoe_overflow_alcove_1, minmay_holes,
          minmay_shop_damaged, serial_bayou_lagoon_a,
          dreamdust_princess_corridor, chequers_big_river, guppyfry_shop_venom,
          uniq_prince_ribbit1, uniq_pikel, uniq_edmund, uniq_grinder,
          uniq_menkaure
D:7:      layout_loops_ring, nicolae_vehumet_altar_sigil, uniq_joseph

Skill      XL: |  1  2  3  4  5  6  7  8  9 |
---------------+----------------------------+-----
Short Blades   | 3 4 5 6 7 |  7.8
Summonings     | 1 3 5 7 8 |  8.3
Spellcasting   | 2 3 4 5 |  5.2
Invocations    | 3 |  3.6
Fighting       | |  3.0
Dodging        | |  2.6
Stealth        | |  1.7

Action                   |  1- 3 |  4- 6 |  7- 9 || total
-------------------------+-------+-------+-------++-------
Melee: Dagger            |   104 |   263 |   245 ||   612
       Short sword       |     4 |       |       ||     4
       Punch             |       |     4 |     2 ||     6
       Headbutt          |       |       |    55 ||    55
Throw: Throwing net      |       |       |     1 ||     1
 Cast: Summon Small Mamm |       |       |    13 ||    13
       Call Canine Famil |       |       |    10 ||    10
       Summon Guardian G |       |       |     1 ||     1
Evoke: Wand              |       |       |     7 ||     7
  Use: Scroll            |       |    11 |     4 ||    15
 Stab: Sleeping          |       |     3 |     1 ||     4
       Distracted        |       |       |     2 ||     2
Armor: Robe              |     2 |    10 |    28 ||    40
       Chain mail        |    39 |    46 |       ||    85
Dodge: Dodged            |    73 |   108 |   130 ||   311

Table legend: (Time is in decaauts)
 A = Elapsed time spent in this place.
 B = Non-inter-level travel time spent in this place.
 C = Inter-level travel time spent in this place.
 D = Time resting spent in this place.
 E = Time spent auto-exploring this place.
 F = Levels seen in this place.
 G = Mean time per level.
                   A        B        C        D        E       F      G
               +--------+--------+--------+--------+--------+-----+--------+
         Total |  10086 |   9666 |    420 |   1523 |   6439 |   7 | 1440.9 |
       Dungeon |  10086 |   9666 |    420 |   1523 |   6439 |   7 | 1440.9 |
               +--------+--------+--------+--------+--------+-----+--------+

Top non-repeatable levels by time:
     D:6: 2187 daAuts
     D:4: 1715 daAuts
     D:1: 1495 daAuts
     D:3: 1442 daAuts
     D:2: 1241 daAuts
     D:5: 1235 daAuts
     D:7: 768 daAuts
